 Dungeon Crawl Stone Soup version 0.28.0 (webtiles) character file.

Game seed: 4195077425075659339

31 Spectrina the Cudgeller (level 3, 0/29 HPs)
             Began as a Human Monk on Feb 12, 2022.
             Was a Priest of Sif Muna.
             Frozen to death by an endoplasm (4 damage)
             ... on level 2 of the Dungeon.
             The game lasted 00:05:28 (663 turns).

Spectrina the Cudgeller (Human Monk)                 Turns: 663, Time: 00:05:29

Health: 0/29       AC:  2    Str: 11    XL:     3   Next: 40%
Magic:  4/4        EV: 13    Int: 12    God:    Sif Muna [***...]
Gold:   38         SH:  0    Dex: 15    Spells: 4/4 levels left

rFire   . . .      SeeInvis .   a - +0 mace
rCold   . . .      Faith    .   (no shield)
rNeg    . . .      Spirit   .   b - +0 robe
rPois   .          Reflect  .   (no helmet)
rElec   .          Harm     .   (no cloak)
rCorr   .          Rampage  .   (no gloves)
Will    .....                   (no boots)
Stlth   ++........              (no amulet)
HPRegen 0.09/turn               (no ring)
MPRegen 0.09/turn               (no ring)

@: no status effects
A: no striking features
a: Renounce Religion, Channel Magic, Forget Spell


You were on level 2 of the Dungeon.
You worshipped Sif Muna.
Sif Muna was most pleased with you.
You visited 1 branch of the dungeon, and saw 2 of its levels.

You collected 38 gold pieces.

Inventory:

Hand Weapons
 a - a +0 mace (weapon)
Missiles
 d - 14 stones (quivered)
Armour
 b - a +0 robe (worn)


   Skills:
 - Level 3.0 Fighting
 - Level 3.3 Maces & Flails
 - Level 3.0 Dodging
 + Level 2.9 Stealth
 - Level 1.0 Spellcasting
 * Level 0.6 Invocations


You had 4 spell levels left.
You didn't know any spells.
Your spell library was empty.

Dungeon Overview and Level Annotations

Branches:
Dungeon (2/15)

Altars:
Sif Muna


Message History

Your Spellcasting skill increases to level 1!
There is a stone staircase leading down here.
You climb downwards.
Found a stone staircase leading down.
There is a stone staircase leading up here.
Unknown command.
Unknown command.
The kobold shouts!
The kobold drinks a potion.
The kobold seems to speed up.
An endoplasm comes into view.
Unknown command.
Found an embroidered hat.
There is a stone staircase leading down here.
Unknown command.
You hit the kobold.
The kobold is heavily wounded.
The kobold hits you with a +0 whip.
* * * LOW HITPOINT WARNING * * *
The kobold barely misses you.
It was a potion of cancellation.
You feel magically purged. The kobold barely misses you.
The kobold hits you with a +0 whip.
* * * LOW HITPOINT WARNING * * *
You closely miss the kobold.
The kobold is moderately wounded.
The kobold closely misses you. The kobold misses you.
You closely miss the kobold.
The kobold is moderately wounded.
The kobold hits you but does no damage. The kobold hits you with a +0 whip.
* * * LOW HITPOINT WARNING * * *
Unknown command.
The kobold barely misses you.
You hit the kobold.
You kill the kobold!
Sif Muna accepts your kill.
You hit the endoplasm.
You punch the endoplasm, but do no damage.
The endoplasm is severely wounded.
The endoplasm freezes you.
You are frozen.
You die...

....... #.......
#.......
#.......
........
#########.......
...........[# .
######..>.# ###
#
#...@J.##.##...#
# #.#######...##
# #..<...# #
#........#
#..w.......#
#r..
#..........#
....
#..J.........
..#.
#............
#.#
#..........#.


You could see an endoplasm.

Vanquished Creatures
  2 dart slugs (D:1)
  2 bats (D:1)
  2 endoplasms (D:1)
  3 goblins (D:1)
  2 hobgoblins (D:1)
  2 jackals (D:1)
  2 ball pythons
  A frilled lizard (D:1)
  6 kobolds
  3 rats
25 creatures vanquished.

Notes
Turn   | Place    | Note
-------+----------+-------------------------------------------
     0 | D:1      | Spectrina the Human Monk began the quest for the Orb.
     0 | D:1      | Reached XP level 1. HP: 18/18 MP: 1/1
   158 | D:1      | Found a faded altar of an unknown god.
   167 | D:1      | Reached XP level 2. HP: 18/24 MP: 2/2
   176 | D:1      | Prayed at the altar of an unknown god.
   176 | D:1      | Became a worshipper of Sif Muna the Loreminder
   176 | D:1      | Reached * piety under Sif Muna
   176 | D:1      | Reached ** piety under Sif Muna
   238 | D:2      | HP: 1/24 [kobold (3)]
   541 | D:1      | Reached *** piety under Sif Muna
   585 | D:1      | Reached XP level 3. HP: 26/29 MP: 2/4
   641 | D:1      | Reached skill level 1 in Spellcasting
   663 | D:2      | Frozen to death by an endoplasm

Illustrated notes

Levels and vault maps discovered:
D:1:      elethiomel_arrival_maze, layout_basic,
          hellmonk_ecumenical_altar_crossroads
D:2:      layout_rooms, serial_shops, nicolae_shop_waterfront

Skill      XL: |  1  2  3 |
---------------+----------+-----
Spellcasting   | 1 |  1.0
Fighting       | |  3.0
Maces & Flails | |  3.3
Dodging        | |  3.0
Stealth        | |  2.9
Invocations    | |  0.6

Action                   || total
-------------------------++-------
Melee: Mace              ||    77
       Unarmed           ||     2
       Punch             ||     1
Throw: Stone             ||    11
  Use: Potion            ||     2
 Stab: Sleeping          ||     5
Armor: Robe              ||    16
       Skin              ||     4
Dodge: Dodged            ||    63
